 Dungeon Crawl Stone Soup version 0.24.0-123-gd5b16e6ec5 (webtiles) character file.

Game seed: 374347066177603114, levelgen mode: deterministic

23 brucemayne the Chopper (level 3, 0/31 HPs)
             Began as a Hill Orc Monk on Jan 25, 2020.
             Slain by a giant cockroach (2 damage)
             ... on level 1 of the Dungeon.
             The game lasted 00:01:20 (352 turns).

brucemayne the Chopper (Hill Orc Monk)               Turns: 352, Time: 00:01:21

Health: 0/31       AC:  2    Str: 14    XL:     3   Next: 0%
Magic:  3/3        EV: 13    Int: 10    God:
Gold:   21         SH:  0    Dex: 13    Spells: 2/2 levels left

rFire    + . .     SeeInvis .   a - +0 hand axe
rCold    . . .     Gourm    .   (no shield)
rNeg     . . .     Faith    .   b - +0 robe
rPois    .         Spirit   .   (no helmet)
rElec    .         Reflect  .   (no cloak)
rCorr    .         Harm     .   (no gloves)
MR       .....                  (no boots)
Stlth    ++........             (no amulet)
HPRegen  0.10/turn              g - ring of protection from fire
MPRegen  0.08/turn              (no ring)

@: no status effects
A: no striking features
a: no special abilities


You were on level 1 of the Dungeon.
You were not hungry.

You visited 1 branch of the dungeon, and saw 2 of its levels.

You collected 21 gold pieces.

Inventory:

Hand Weapons
 a - a +0 hand axe (weapon)
Missiles
 e - 3 atropa-tipped darts (quivered)
 l - 16 poisoned darts
Armour
 b - a +0 robe (worn)
Jewellery
 g - a ring of protection from fire (left hand)
Scrolls
 d - 2 scrolls of teleportation {unknown}
 f - a scroll of amnesia {unknown}
 h - a scroll of noise {unknown}
 i - a scroll of blinking {unknown}
 k - a scroll of enchant weapon {unknown}
Comestibles
 c - 4 rations
 j - 2 chunks of flesh


   Skills:
 - Level 3.6 Fighting
 + Level 5.4 Axes
 - Level 2.4 Dodging
 - Level 1.5 Stealth


You had 2 spell levels left.
You didn't know any spells.
Your spell library contained the following spells:

 Spells                   Type           Power        Failure   Level  Hunger
 Corona                   Hex            #......      36%         1    ##.....
 Slow                     Hex            #.......     50%         2    ###....
 Inner Flame              Hex/Fire       #.......     75%         3    ####...
 Portal Projectile        Hex/Tloc       #.....       75%         3    ####...
 Cause Fear               Hex            #.........   98%         4    #####..
 Leda's Liquefaction      Hex/Erth       #.........   98%         4    #####..


Dungeon Overview and Level Annotations

Branches:
Dungeon (2/15)

Altars:

Annotations:
D:1 1 runed translucent door


Message History

You closely miss the frilled lizard. The frilled lizard bites you.
* * * LOW HITPOINT WARNING * * *
You closely miss the frilled lizard. You hit the hobgoblin but do no damage.
The hobgoblin hits you.
* * * LOW HITPOINT WARNING * * *
The frilled lizard misses you.
You hit the frilled lizard.
You kill the frilled lizard!
You hit the hobgoblin.
You kill the hobgoblin!
You have reached level 3!
Your experience leads to an increase in your attributes!
Increase (S)trength, (I)ntelligence, or (D)exterity?
You feel stronger.
Found 10 arrows.
You see here 16 poisoned darts.
l - 16 poisoned darts The giant cockroach closely misses you.
The giant cockroach bites you.
You die...

.#.#...##..........##.#.....+....
.#.#.#...#...#.....##.....†.#8...
.....###.###.##.#......#....##...
..).^.....##.. ......#.#....###8.
..........###.##..#.........# ##.
####'###..# #........#.#....# ##
>...⌠..# .. ##....##.#....#.. ##
<......# ..##...#s.#.##.....####.
##....⌠+........@................
.......#..............#)..#.....#
+#######.........................
..wJwh.#..........##.............
...rs..#.(......................÷
..h....#..........##.............
########......(.....#............
..... .#.......#.............. .
... #.......###............


You could see a giant cockroach.

Vanquished Creatures
  2 leopard geckos
  2 giant cockroaches (D:1)
  4 hobgoblins (D:1)
  A kobold (D:1)
  4 bats (D:1)
  3 frilled lizards (D:1)
  5 rats (D:1)
21 creatures vanquished.

Notes
Turn   | Place    | Note
-------+----------+-------------------------------------------
     0 | D:1      | brucemayne the Hill Orc Monk began the quest for the Orb.
     0 | D:1      | Reached XP level 1. HP: 19/19 MP: 1/1
     1 | D:1      | Found a runed translucent door.
   114 | D:1      | Reached XP level 2. HP: 8/26 MP: 2/2
   197 | D:1      | Reached skill level 5 in Axes
   334 | D:1      | HP: 1/26 [frilled lizard (3)]
   336 | D:1      | Reached XP level 3. HP: 1/31 MP: 3/3
   352 | D:1      | Slain by a giant cockroach

Levels and vault maps discovered:
D:1:      dpeg_arrival_caged_fury, layout_rooms, dk_noncrumbling_4
D:2:      layout_basic, lemuel_flame_loot_1, uniq_jessica

Skill      XL: |  1  2 |
---------------+-------+-----
Axes           | 5 |  5.4
Fighting       | |  3.6
Dodging        | |  2.4
Stealth        | |  1.5

Action                   || total
-------------------------++-------
Melee: Hand axe          ||    60
 Stab: Sleeping          ||     2
Armor: Robe              ||     8
Dodge: Dodged            ||    63
